 Dungeon Crawl Stone Soup version 0.31-a0-986-g5e6e4ef867 (webtiles) character file.

Game seed: 386212700835706205

834 wildpjah the Slasher (level 7, -9/54 HPs)
             Began as a Merfolk Gladiator on Nov 17, 2023.
             Was a Follower of Trog.
             Mangled by an iguana (13 damage)
             ... on level 4 of the Dungeon.
             The game lasted 00:06:49 (3977 turns).

wildpjah the Slasher (Merfolk Gladiator)            Turns: 3977, Time: 00:06:50

Health: -9/54      AC:  4    Str: 15    XL:     7   Next: 98%
Magic:  7/7        EV: 15    Int:  7    God:    Trog [*.....]
Gold:   200        SH:  0    Dex: 17    Spells: 6/6 levels left

rFire   . . .        r - +0 falchion
rCold   . . .        (no shield)
rNeg    . . .        b - +0 leather armour
rPois   .            c - +0 helmet
rElec   .            (no cloak)
rCorr   .            (no gloves)
SInv    .            (no boots)
Will    +....        (no amulet)
Stlth   ++           o - ring of willpower
HPRegen 0.29/turn    (no ring)
MPRegen 0.10/turn

%: no passive effects
@: no status effects
A: (nimble swimmer 2), mertail
a: Renounce Religion, Berserk


You were on level 4 of the Dungeon.
You worshipped Trog.
Trog was aware of your devotion.
You visited 1 branch of the dungeon, and saw 5 of its levels.

You collected 200 gold pieces.

Inventory:

Hand Weapons
 a - a +0 long sword
 r - a +0 falchion (weapon)
Missiles
 d - 2 throwing nets
 s - 4 javelins (quivered)
Armour
 b - a +0 leather armour (worn)
 c - a +0 helmet (worn)
 m - a +0 kite shield
Jewellery
 o - a ring of willpower (left hand)
 v - an amulet of faith
Wands
 e - a wand of roots (8)
 u - a wand of flame (27)
Scrolls
 g - 2 scrolls of teleportation {unknown}
 h - 3 scrolls of vulnerability {unknown}
 i - a scroll of acquirement {unknown}
 j - 2 scrolls of identify {unknown}
 l - a scroll of amnesia {unknown}
 n - a scroll of enchant weapon {unknown}
 p - 2 scrolls of fog {unknown}
 q - a scroll of revelation {unknown}
 y - a scroll of brand weapon {unknown}
Potions
 f - 4 potions of curing {unknown}
 k - a potion of ambrosia {unknown}
 t - a potion of degeneration {unknown}
 w - a potion of lignification {unknown}
 x - a potion of enlightenment {unknown}
 z - 2 potions of magic {unknown}


   Skills:
 + Level 4.2 Fighting
 + Level 7.2 Long Blades
 + Level 2.4 Throwing
 + Level 2.3 Armour
 + Level 6.6 Dodging
 + Level 2.4 Stealth


You had 6 spell levels left.
You didn't know any spells.
Your spell library contained the following spells:

 Spells                   Type           Power      Damage    Failure   Level
 Blink                    Tloc           0%         N/A       65%         2
 Ensorcelled Hibernation  Hex/Ice        0%         N/A       65%         2
 Lesser Beckoning         Tloc           0%         N/A       65%         2
 Momentum Strike          Conj/Tloc      0%         3d8       65%         2
 Passwall                 Tmut/Erth      0%         N/A       65%         2
 Swiftness                Air            0%         N/A       86%         3


Dungeon Overview and Level Annotations

Branches:
Dungeon (5/15)
 Temple: D:4-7

Altars:
Fedhas
Trog
Vehumet
Xom


Innate Abilities, Weirdness & Mutations

((You are very nimble when in or above water. (Stealth+, EV+, Speed+++)))
Your lower body shifts to a powerful aquatic tail in water.


Message History

You hit the iguana but do no damage.
The iguana is lightly wounded.
The iguana bites you!
* * * LOW HITPOINT WARNING * * *
You hit the iguana.
The iguana is moderately wounded.
The iguana misses you.
You barely miss the iguana.
The iguana is moderately wounded.
The iguana barely misses you.
You hit the iguana but do no damage.
The iguana is moderately wounded.
The iguana barely misses you.
You hit the iguana.
The iguana is heavily wounded.
The iguana bites you!
* * * LOW HITPOINT WARNING * * *
You hit the iguana.
The iguana is heavily wounded.
The iguana barely misses you.
You closely miss the iguana.
The iguana is heavily wounded.
The iguana misses you.
You hit the iguana but do no damage.
The iguana is heavily wounded.
The iguana misses you.
You hit the iguana but do no damage.
The iguana is heavily wounded.
The iguana completely misses you.
You closely miss the iguana.
The iguana is heavily wounded.
The iguana bites you but does no damage.
You hit the iguana.
The iguana is severely wounded.
The iguana bites you.
* * * LOW HITPOINT WARNING * * *
You barely miss the iguana.
The iguana is severely wounded.
The iguana bites you!
You die...

.....#...........................
.....#............(.............#
.....#..##.##....##.............#
##########.##....##...####.....##
#..>.....##...####.....#.
#......................#.
#......................#.
########'##............#.
##.....†@##...####.).###.
#......l>##...####...#...
#........#...........#...
#........#...........#...
#.#########..........#...
#.........#..........#...
#.........#..........#...
#.........#..........#...
#.........############...


You could see an iguana.

Vanquished Creatures
  Sigmund (D:2)
  Menkaure (D:4)
  2 scorpions (D:4)
  3 hounds
  A jelly (D:3)
  An orc priest (D:3)
  Jessica (D:2)
  Ijyb (D:3)
  Natasha (twice) (D:3)
  A gnoll (D:1)
  8 adders
  A white imp (D:4)
  2 worms
  9 orcs (D:3)
  7 ball pythons
  5 bats
  8 endoplasms
  2 giant cockroaches
  8 goblins
  2 hobgoblins (D:1)
  7 quokkas
  7 frilled lizards
  3 kobolds (D:1)
  2 rats (D:3)
  A spectral kobold (D:1)
  A butterfly (D:3)
87 creatures vanquished.

Notes
Turn   | Place    | Note
-------+----------+-------------------------------------------
     0 | D:1      | wildpjah the Merfolk Gladiator began the quest for the Orb.
     0 | D:1      | Reached XP level 1. HP: 16/16 MP: 1/1
    51 | D:1      | Reached skill level 4 in Long Blades
    51 | D:1      | Reached XP level 2. HP: 20/23 MP: 2/2
   162 | D:1      | Found a faded altar of an unknown god.
   451 | D:1      | Reached XP level 3. HP: 28/28 MP: 3/3
  1116 | D:2      | Noticed Sigmund
  1129 | D:2      | Killed Sigmund
  1130 | D:2      | Reached skill level 5 in Long Blades
  1130 | D:2      | Reached skill level 1 in Armour
  1130 | D:2      | Reached skill level 5 in Dodging
  1130 | D:2      | Reached XP level 4. HP: 31/35 MP: 4/4
  1130 | D:2      | Reached XP level 5. HP: 36/41 MP: 5/5
  1394 | D:2      | Found a radiant altar of Vehumet.
  1438 | D:2      | Reached XP level 6. HP: 43/47 MP: 6/6
  1480 | D:2      | Noticed Jessica
  1484 | D:2      | Killed Jessica
  1485 | D:2      | Reached skill level 1 in Stealth
  1970 | D:3      | Noticed Ijyb
  1993 | D:3      | Killed Ijyb
  2109 | D:3      | Found a bloodstained altar of Trog.
  2283 | D:3      | Became a worshipper of Trog the Wrathful
  2401 | D:3      | Reached skill level 6 in Long Blades
  2415 | D:3      | Reached XP level 7. HP: 20/52 MP: 7/7
  2641 | D:3      | Found a shimmering altar of Xom.
  2669 | D:3      | Noticed Natasha
  2672 | D:3      | Killed Natasha
  2717 | D:3      | Noticed Natasha
  2726 | D:3      | Killed Natasha
  2823 | D:4      | Found a blossoming altar of Fedhas.
  3003 | D:4      | Reached * piety under Trog
  3132 | D:4      | Noticed Menkaure
  3142 | D:4      | Killed Menkaure
  3323 | D:4      | Reached skill level 7 in Long Blades
  3784 | D:5      | Entered Level 5 of the Dungeon
  3977 | D:4      | Mangled by an iguana

Illustrated notes

Levels and vault maps discovered:
D:1:      dpeg_arrival_round_b, layout_loops_corners,
          dreamdust_ecumenical_altar_drowned_temple
D:2:      layout_loops_corners, basic_altar, uniq_sigmund, uniq_jessica
D:3:      layout_loops_ring, mainiacjoe_overflow_brackets, xom_butterflies,
          uniq_natasha, uniq_ijyb
D:4:      layout_gridville, kennysheep_little_box, uniq_menkaure
D:5:      layout_basic, grunt_dithmenos_shadows, gammafunk_ghost_smash,
          uniq_pikel

Skill      XL: |  1  2  3  4  5  6  7 |
---------------+----------------------+-----
Long Blades    | 4 5 6 7 |  7.2
Fighting       | 3 4 |  4.2
Armour         | 1 2 |  2.3
Dodging        | 5 6 |  6.6
Stealth        | 1 2 |  2.4
Throwing       | |  2.4

Action                     |  1- 3 |  4- 6 |  7- 9 || total
---------------------------+-------+-------+-------++-------
  Melee: Long sword        |    87 |    50 |       ||   137
         Falchion          |       |    79 |   139 ||   218
         Tailslap          |       |     3 |       ||     3
         Punch             |       |       |     2 ||     2
  Throw: Javelin           |     1 |     2 |       ||     3
         Throwing net      |     1 |       |       ||     1
 Invoke: Berserk           |       |       |     1 ||     1
   Stab: Sleeping          |       |     4 |     3 ||     7
         Distracted        |       |     1 |       ||     1
 Armour: Leather armour    |    42 |    53 |    65 ||   160
  Dodge: Dodged            |    63 |    88 |   100 ||   251

Table legend: (Time is in decaauts)
 A = Elapsed time spent in this place.
 B = Non-inter-level travel time spent in this place.
 C = Inter-level travel time spent in this place.
 D = Time resting spent in this place.
 E = Time spent auto-exploring this place.
 F = Levels seen in this place.
 G = Mean time per level.
                   A        B        C        D        E       F      G
               +--------+--------+--------+--------+--------+-----+--------+
         Total |   3997 |   3880 |    117 |      0 |   3171 |   5 |  799.4 |
       Dungeon |   3997 |   3880 |    117 |      0 |   3171 |   5 |  799.4 |
               +--------+--------+--------+--------+--------+-----+--------+

Top non-repeatable levels by time:
     D:4: 1173 daAuts
     D:3: 1012 daAuts
     D:1: 915 daAuts
     D:2: 884 daAuts
     D:5: 13 daAuts
